 Dungeon Crawl Stone Soup version 0.29.0-5-ge4962eb29e (webtiles) character file.

Game seed: 5307644629215635453

45 sanka the Ruffian (level 3, 36/36 HPs)
             Began as a Troll Monk on Aug 28, 2022.
             Quit the game on level 2 of the Dungeon.
             The game lasted 00:02:04 (1347 turns).

sanka the Ruffian (Troll Monk)                      Turns: 1347, Time: 00:02:05

Health: 36/36      AC:  4    Str: 19    XL:     3   Next: 42%
Magic:  2/2        EV: 10    Int:  8    God:
Gold:   93         SH:  0    Dex: 12    Spells: 2/2 levels left

rFire   . . .      SeeInvis .     - Unarmed
rCold   . . .      Faith    .   (no shield)
rNeg    . . .      Spirit   .   a - +0 robe
rPois   .          Reflect  .   (helmet restricted)
rElec   .          Harm     .   (no cloak)
rCorr   .          Rampage  .   (gloves unavailable)
Will    +....                   (boots unavailable)
Stlth   ++........              (no amulet)
HPRegen 0.92/turn               (no ring)
MPRegen 0.08/turn               i - ring of willpower

@: no status effects
A: large, unfitting armour, claws 3, regeneration 1, shaggy fur 1, tough skin 1
a: no special abilities


You were on level 2 of the Dungeon.
You visited 1 branch of the dungeon, and saw 2 of its levels.

You collected 93 gold pieces.


Innate Abilities, Weirdness & Mutations

You are too large for most types of armour.
You have claws for hands.
Your natural rate of healing is unusually fast.
You are covered in fur. (AC +1)
You have tough skin. (AC +1)


   Skills:
 - Level 2.4 Fighting
 - Level 2.4 Dodging
 - Level 1.0 Stealth
 + Level 4.5 Unarmed Combat


You had 2 spell levels left.
You didn't know any spells.
Your spell library was empty.

Inventory:

Armour
 a - a +0 robe (worn)
Jewellery
 g - a ring of ice
 i - a ring of willpower (right claw)
Scrolls
 c - 2 scrolls of poison {unknown}
 d - a scroll of noise {unknown}
 e - 3 scrolls of identify {unknown}
 f - a scroll of fog {unknown}
 j - a scroll of blinking {unknown}
Potions
 b - a potion of ambrosia
 h - a potion of curing {unknown}
 k - a potion of cancellation {unknown}
 l - a potion of heal wounds {unknown}

Dungeon Overview and Level Annotations

Branches:
Dungeon (2/15)

Altars:

Shops:
D:1

*(([! ▒▒▒▒ ▒.. ▒
▒.▒▒▒▒[▒▒▒▒
▒▒▒▒▒▒.▒.).....▒
▒▒▒▒.......T▒
▒.......▒.▒........
▒.▒▒.▒▒.▒......▒▒.▒
▒.▒▒.▒▒▒.▒▒▒▒
▒.▒▒.▒ ▒... ▒
▒.▒▒.▒ ▒▒▒▒▒
▒.▒▒.▒▒.▒ ▒.......▒
▒▒▒▒.▒▒▒▒


There were no monsters in sight!


Message History

A ball python is nearby!
You claw the ball python!
You kill the ball python!
No target in view!
No target in view!
k - a viscous sapphire potion A kobold comes into view.
It is wielding a +0 whip.
The kobold shouts!
A kobold is nearby!
A kobold is nearby!
The kobold hits you but does no damage.
You claw the kobold!
You kill the kobold!
No target in view!
No target in view!
Found a stone staircase leading down.
There is a stone staircase leading down here.
Found a scroll labelled PAUS FYHESA.
e - 3 scrolls labelled PAUS FYHESA (gained 1)
Found a silvery potion.
l - a silvery potion A kobold comes into view.
It is wielding a +0 whip.
Found a ring mail.
A kobold is nearby!
The helpless kobold fails to defend itself.
You claw the kobold!
You kill the kobold!
No target in view!
No target in view!
Are you sure you want to abandon this character and quit the game? (Confirm with "yes".)

Action                   || total
-------------------------++-------
Melee: Unarmed           ||    47
       Punch             ||     3
 Stab: Sleeping          ||     6
Armor: Robe              ||     9
Dodge: Dodged            ||    13

Levels and vault maps discovered:
D:1:      shiori_arrival_oz, layout_loops_corners,
          shapermc_ecumenical_altar_petra, serial_shops, nicolae_shop_stone,
          shop, nicolae_shop_bloodbath_and_beyond, shop, nicolae_square_shop
D:2:      layout_loops_cross, st_stairs_14

Notes
Turn   | Place    | Note
-------+----------+-------------------------------------------
     0 | D:1      | sanka the Troll Monk began the quest for the Orb.
     0 | D:1      | Reached XP level 1. HP: 22/22 MP: 0/0
    10 | D:1      | Found Oxuko's Weapon Shoppe.
    79 | D:1      | Found Ihazeeq's Weapon Emporium.
   125 | D:1      | Found Usaxexah's Armour Shop.
   455 | D:1      | Reached XP level 2. HP: 29/29 MP: 1/1
   465 | D:1      | Found Waybapt's General Store.
   639 | D:1      | Found Ynaes's Distillery.
   661 | D:1      | Reached skill level 4 in Unarmed Combat
   788 | D:1      | Found a faded altar of an unknown god.
  1102 | D:2      | Reached XP level 3. HP: 36/36 MP: 2/2
  1347 | D:2      | Quit the game

Vanquished Creatures
  An adder (D:2)
  3 dart slugs
  3 ball pythons
  A bat (D:1)
  A giant cockroach (D:1)
  2 goblins
  2 hobgoblins (D:1)
  5 kobolds
  4 quokkas (D:1)
  A frilled lizard (D:1)
  6 rats
29 creatures vanquished.

Vanquished Creatures (others)
  A fungus (D:1)
1 creature vanquished.

Grand Total: 30 creatures vanquished
